 Dungeon Crawl Stone Soup version 0.18.1-8-gdd0e5ea (webtiles) character file.

3196 tyrsky the Cruncher (level 9, -9/80 HPs)
             Began as a Minotaur Gladiator on May 29, 2016.
             Was a Believer of Okawaru.
             Mangled by a killer bee (16 damage)
             ... on level 8 of the Dungeon.
             The game lasted 00:20:40 (6155 turns).

tyrsky the Cruncher (Minotaur Gladiator)            Turns: 6155, Time: 00:20:40

Health: -9/80      AC:  5    Str: 24    XL:     9   Next: 64%
Magic:  8/8        EV: 13    Int:  2    God:    Okawaru [**....]
Gold:   363        SH:  0    Dex: 14    Spells: 0 memorised, 8 levels left

rFire  . . .     SeeInvis .     a - +1 quarterstaff
rCold  . . .     Gourm    .     e - +0 leather armour of the Sun {rElec rN+ Slay+3}
rNeg   + . .     Faith    .     (shield currently unavailable)
rPois  .         Spirit   .     c - +1 hat
rElec  +         Dismiss  .     (no cloak)
rCorr  .         Reflect  .     (no gloves)
SustAt .         Harm     +     (no boots)
MR     .....                    v - amulet of harm
Stlth  +.........               r - +4 ring of strength
                                n - -3 ring of intelligence

@: confused, lethally poisoned (-9 -> -45), not resistant to hostile
enchantments, very unstealthy
A: retaliatory headbutt, horns 2
a: Heroism, Renounce Religion


You were on level 8 of the Dungeon.
You worshipped Okawaru.
Okawaru was pleased with you.
You were not hungry.

You visited 2 branches of the dungeon, and saw 9 of its levels.

You collected 363 gold pieces.

Inventory:

Hand Weapons
 a - a +1 quarterstaff (weapon)
 B - a -1 quarterstaff
Armour
 b - a +0 leather armour
 c - a +1 hat (worn)
 e - the +0 leather armour of the Sun (worn) {rElec rN+ Slay+3}
   (You found it on level 4 of the Dungeon)

   It affects your accuracy and damage with ranged weapons and melee attacks
   (+3).
   It insulates you from electricity.
   It protects you from negative energy.
 s - a +0 chain mail of poison resistance
Jewellery
 g - an uncursed ring of resist corrosion
 k - a +2 amulet of reflection
 n - a -3 ring of intelligence (left hand)
 r - a +4 ring of strength (right hand)
 t - an uncursed ring of see invisible
 v - an amulet of harm (around neck)
Wands
 q - a wand of iceblast (9/15)
Scrolls
 d - 7 scrolls of identify {@*1}
 l - 3 scrolls of remove curse
 o - a scroll of immolation
 y - a scroll of amnesia
 C - 3 scrolls of fear {unknown}
Potions
 h - a potion of cancellation {unknown}
 j - a potion of flight
 m - 3 potions of invisibility
 p - a potion of lignification
 w - a potion of haste
 A - a potion of degeneration {unknown}
 D - a potion of magic {unknown}
Comestibles
 f - 9 bread rations
 i - 10 fruits
 x - 2 chunks of flesh
 z - 4 meat rations


   Skills:
 + Level 7.6 Fighting
 * Level 10.8 Staves
 - Level 2.0 Throwing
 * Level 10.2 Armour
 - Level 3.2 Dodging


You had 8 spell levels left.
You didn't know any spells.

Dungeon Overview and Level Annotations

Branches:
Dungeon (8/15)             Temple (1/1) D:6            Lair (0/8) D:8

Altars:
Ashenzari
Cheibriados
Dithmenos
Elyvilon
Fedhas
Gozag
Kikubaaqudgha
Makhleb
Nemelex Xobeh
Okawaru
Pakellas
Qazlal
Sif Muna
Vehumet
Yredelemnul
Zin
The Shining One

Annotations:
D:4 nikopol's ghost, amateur HOBe
D:5 Pikel


Innate Abilities, Weirdness & Mutations

You reflexively headbutt those who attack you in melee.
You have a pair of horns on your head.


Message History

The killer bee stings the plant.
The killer bee barely misses you.
The killer bee stings the plant.
The killer bee misses you.
The killer bee stings the plant.
The killer bee stings the plant but does no damage.
The killer bee stings you!
* * * LOW HITPOINT WARNING * * *
You are more poisoned.
The killer bee poisons you!
The killer bee stings the plant but does no damage.
The killer bee stings you.
* * * LOW HITPOINT WARNING * * *
The killer bee stings the plant.
Drink which item? (? for menu, Esc to quit)
Okay, then.
You thump the killer bee!
You kill the killer bee!
Okawaru accepts your kill.
* * * LOW HITPOINT WARNING * * *
You feel sick. The killer bee stings you!
You die... .......$..# (..?..yy..# .PPPPPPPP.# ..........# ..........# .PPPPPPPy.# ......yyyy# $.....†H.y# #######.
PPPPPPPPPP#

........
###########
######## ##
.# .#
#########
.####........
#
......#####.>
###..


You could see a queen bee and 7 killer bees.

Vanquished Creatures
  Grinder (D:5)
  A spriggan (D:8)
  Duvessa (D:7)
  2 black bears (D:8)
  An orc warrior (D:7)
  3 slaves (D:5)
  A necrophage (D:5)
  A phantom (D:5)
  3 ogres
  3 centaurs
  Blork the orc (D:4)
  2 giant frogs
  Dowan (D:7)
  2 scorpions
  8 killer bees
  A howler monkey (D:4)
  4 crimson imps
  6 orc priests
  2 hounds
  A quasit (D:8)
  A centaur skeleton (D:8)
  4 iguanas
  7 orc wizards
  5 worker ants
  A hound zombie (D:5)
  2 worker ant zombies (D:5)
  3 gnolls (D:4)
  7 adders
  An ooze (D:2)
  An adder zombie (D:8)
  3 adder skeletons
  A worm (D:3)
  A giant gecko (D:6)
  19 orcs
  2 ball pythons
  9 bats
  2 giant cockroaches
  6 goblins
  12 hobgoblins
  5 jackals
  3 quokkas
  6 giant newts
  8 kobolds
  A quokka skeleton (D:4)
  7 rats
162 creatures vanquished.

Vanquished Creatures (others)
  A plant (D:8)
1 creature vanquished.

Grand Total: 163 creatures vanquished

Notes
Turn   | Place    | Note
--------------------------------------------------------------
     0 | D:1      | tyrsky the Minotaur Gladiator began the quest for the Orb.
     0 | D:1      | Reached XP level 1. HP: 18/18 MP: 0/0
   250 | D:1      | Reached XP level 2. HP: 20/25 MP: 1/1
   337 | D:1      | Reached skill level 1 in Armour
   775 | D:2      | Reached XP level 3. HP: 31/31 MP: 2/2
   788 | D:2      | Found a blossoming altar of Fedhas.
  1314 | D:3      | Reached XP level 4. HP: 34/38 MP: 3/3
  1545 | D:3      | Reached skill level 5 in Staves
  1681 | D:3      | Reached XP level 5. HP: 15/45 MP: 4/4
  2134 | D:4      | Noticed an ogre
  2140 | D:4      | Got a smoking leather armour
  2151 | D:4      | Killed an ogre
  2162 | D:4      | Identified the +0 leather armour of the Sun {rElec rN+ Slay+3} (You found it on level 4 of the Dungeon)
  2184 | D:4      | Noticed an ogre
  2205 | D:4      | Killed an ogre
  2205 | D:4      | Reached XP level 6. HP: 22/53 MP: 5/5
  2223 | D:4      | Reached skill level 5 in Armour
  2225 | D:4      | Noticed nikopol's ghost (amateur HOBe)
  2525 | D:4      | Found a burning altar of Makhleb.
  2540 | D:4      | Reached XP level 7. HP: 60/60 MP: 6/6
  2630 | D:4      | Noticed Blork the orc
  2638 | D:4      | Killed Blork the orc
  2643 | D:4      | Found a blossoming altar of Fedhas.
  2674 | D:5      | Entered Level 5 of the Dungeon
  2714 | D:5      | Reached skill level 5 in Fighting
  2889 | D:5      | Found an opulent altar of Gozag.
  2947 | D:5      | Noticed Pikel
  3261 | D:5      | Noticed Grinder
  3277 | D:5      | Killed Grinder
  3277 | D:5      | Reached XP level 8. HP: 49/70 MP: 7/7
  3774 | D:6      | Found a staircase to the Ecumenical Temple.
  3782 | Temple   | Entered the Ecumenical Temple
  3871 | Temple   | Became a worshipper of Warmaster Okawaru
  4682 | D:6      | Reached * piety under Okawaru
  4966 | D:7      | Noticed Dowan
  4976 | D:7      | Reached XP level 9. HP: 46/78 MP: 8/8
  4981 | D:7      | Killed Dowan
  4986 | D:7      | Noticed Duvessa
  5136 | D:7      | Killed Duvessa
  5419 | D:7      | Reached skill level 10 in Staves
  5716 | D:8      | Reached ** piety under Okawaru
  5997 | D:8      | Found a staircase to the Lair.
  6050 | D:8      | Reached skill level 10 in Armour
  6146 | D:8      | Noticed a queen bee
  6155 | D:8      | Mangled by a killer bee

Skill      XL: |  1  2  3  4  5  6  7  8  9 |
---------------+----------------------------+-----
Armour         | 1 2 3 4 5 6 8 10 | 10.2
Staves         | 4 5 6 8 9 10 | 10.8
Fighting       | 3 4 5 6 7 |  7.6
Throwing       | |  2.0
Dodging        | |  3.2

Action                   |  1- 3 |  4- 6 |  7- 9 || total
-------------------------+-------+-------+-------++-------
Melee: Quarterstaff      |    88 |    87 |   226 ||   401
       Headbutt          |    12 |    18 |    38 ||    68
Throw: Throwing net      |    20 |       |       ||    20
  Use: Potion            |       |     3 |     9 ||    12
       Scroll            |       |     4 |     6 ||    10
 Stab: Invisible         |       |       |     2 ||     2
  Eat: Chunk             |     1 |     4 |     5 ||    10
       Meat ration       |       |       |     1 ||     1
       Royal jelly       |       |       |     1 ||     1
Armor: Leather armour    |    20 |    11 |    48 ||    79
Dodge: Dodged            |    43 |    46 |   145 ||   234
Block: Other             |     8 |     3 |     3 ||    14
